 Dungeon Crawl Stone Soup version 0.30-a0-867-g305f33218d (webtiles) character file.

Game seed: 10156450574333364114

100 cheesebisquit the Shield-Bearer (level 4, 41/41 HPs)
             Began as a Minotaur Fighter on Mar 10, 2023.
             Quit the game on level 3 of the Dungeon.
             The game lasted 00:05:16 (1888 turns).

cheesebisquit the Shield-Bearer (Minotaur Fighter)  Turns: 1888, Time: 00:05:16

Health: 41/41      AC: 10    Str: 22    XL:     4   Next: 46%
Magic:  3/3        EV:  9    Int:  5    God:
Gold:   159        SH:  4    Dex: 10    Spells: 3/3 levels left

rFire   . . .      SeeInvis .    a - +0 war axe
rCold   . . .      Faith    .    c - +0 buckler
rNeg    . . .      Spirit   .    b - +0 scale mail
rPois   .          Reflect  .    m - +2 hat
rElec   .          Rampage  .    (no cloak)
rCorr   .                        (no gloves)
Will    .....                    e - +0 pair of boots Stlth
                                 p - amulet of regeneration
HPRegen 1.06/turn                (no ring)
MPRegen 0.08/turn                (no ring)

@: no status effects
A: horns 2, retaliatory headbutt
a: no special abilities


You were on level 3 of the Dungeon.
You visited 1 branch of the dungeon, and saw 3 of its levels.

You collected 159 gold pieces.

Inventory:

Hand Weapons
 a - a +0 war axe (weapon)
Missiles
 l - 3 boomerangs (quivered)
Armour
 b - a +0 scale mail (worn)
 c - a +0 buckler (worn)
 e - a +0 pair of boots (worn)
 m - a +2 hat (worn)
Jewellery
 p - an amulet of regeneration (around neck)
 q - an amulet of reflection
Scrolls
 d - 6 scrolls of identify {unknown}
 n - a scroll of magic mapping {unknown}
 o - 4 scrolls of teleportation {unknown}
 r - a scroll of noise {unknown}
 s - a scroll of enchant armour {unknown}
 t - a scroll of enchant weapon {unknown}
Potions
 f - 2 potions of flight {unknown}
 g - a potion of ambrosia {unknown}
 h - 2 potions of attraction {unknown}
 i - 3 potions of heal wounds {unknown}
 j - 3 potions of magic {unknown}
 k - a potion of might
 u - a potion of cancellation {unknown}
 v - 2 potions of curing {unknown}


   Skills:
 + Level 4.3 Fighting
 * Level 4.1 Axes
 + Level 4.3 Armour
 + Level 4.3 Shields


You had 3 spell levels left.
You didn't know any spells.
Your spell library contained the following spells:

 Spells                   Type           Power      Damage    Failure   Level
 Vhi's Electric Charge    Tloc/Air       0%         N/A       99%         3
 Olgreb's Toxic Radiance  Pois           0%         N/A       100%        4
 Arcjolt                  Conj/Air       0%         1d10      100%        5
 Ozocubu's Refrigeration  Ice            0%         4d7       100%        7
 Ignition                 Fire           0%         3d3       100%        8
 Maxwell's Capacitive Co  Air            0%         ∞         100%        8


Dungeon Overview and Level Annotations

Branches:
Dungeon (3/15)

Altars:

Shops:
D:1 *

Portals:
Abyss: D:3

Annotations:
D:3 2 transporters, epsilonplus's ghost, weakling DrFi


Innate Abilities, Weirdness & Mutations

You have a pair of horns on your head.
You reflexively headbutt those who attack you in melee.


Message History

Things that are here:
a jackal corpse; a jackal corpse; a jackal corpse
Things that are here:
a jackal corpse; a jackal corpse; a jackal corpse
u - a coppery potion
Things that are here:
a jackal corpse; a jackal corpse; a jackal corpse A ball python comes into view.
The ball python hisses angrily.
The ball python bites you but does no damage.
The ball python grabs you. The ball python constricts you.
You slash the ball python!
You kill the ball python!
There is an escape hatch in the ceiling here.
As you open the door, it creaks loudly!
Found a purple potion.
Found a robe.
There is an open door here.
v - a purple potion You open the door.
There is an open door here.
Found a helmet.
Found a stone staircase leading down.
v - 2 purple potions (gained 1)
There is a stone staircase leading down here.
An adder comes into view.
The adder hisses angrily.
Found 13 gold pieces.
You barely miss the adder. Your headbutt misses the adder.
The adder bites you but does no damage. You block the adder's attack.
You barely miss the adder. You headbutt the adder!
You kill the adder!
You now have 146 gold pieces (gained 14).
You now have 159 gold pieces (gained 13).
You open the door.
There is an open door here.
Partly explored, unvisited transporter.
Partly explored, unvisited transporter.
Partly explored, unvisited transporter.
Are you sure you want to abandon this character and quit the game? (Confirm with "yes".)

## .# ### ## ###.# ##########
#####...# #####........#####
........# ######...'.............
####..#.###....#@###........####.
.....^...........# #........# #.
#..#..#....##...## #........# #.
...##.#........### ########## #.
##.#........#....# #.# #.
.....##.##....##.##########.## ##
.#............##.......##....# #.
.########......+.......##.#..# #.
## #.###.##..........#..###.


There were no monsters in sight!

Vanquished Creatures
  A gnoll (D:2)
  3 adders
  2 worms (D:2)
  A dart slug (D:3)
  10 ball pythons
  3 endoplasms
  3 giant cockroaches
  5 hobgoblins
  4 jackals (D:3)
  4 kobolds
  3 quokkas
  5 bats
  5 frilled lizards
  5 goblins
  2 rats
56 creatures vanquished.

Notes
Turn   | Place    | Note
-------+----------+-------------------------------------------
     0 | D:1      | cheesebisquit the Minotaur Fighter began the quest for the
                  | Orb.
     0 | D:1      | Reached XP level 1. HP: 19/19 MP: 0/0
   255 | D:1      | Found Ymagil's Assorted Antiques.
   264 | D:1      | Reached XP level 2. HP: 25/27 MP: 1/1
   682 | D:2      | Reached XP level 3. HP: 33/33 MP: 2/2
  1297 | D:2      | Reached XP level 4. HP: 40/40 MP: 3/3
  1609 | D:3      | Found a transporter.
  1619 | D:3      | Found a transporter.
  1667 | D:3      | Found a one-way gate to the infinite horrors of the Abyss.
  1667 | D:3      | Noticed epsilonplus's ghost (weakling DrFi)
  1888 | D:3      | Quit the game

Illustrated notes

Levels and vault maps discovered:
D:1:      wander_arrival_estate, layout_loops_ring, serial_shops,
          nicolae_square_shop
D:2:      layout_loops_cross, hex_medium, minmay_cut_off
D:3:      layout_basic, gammafunk_ghost_abyssal_escape

Skill      XL: |  1  2  3  4 |
---------------+-------------+-----
Axes           | 3 4 |  4.1
Fighting       | 4 |  4.3
Armour         | 4 |  4.3
Shields        | 4 |  4.3

Action                     |  1- 3 |  4- 6 || total
---------------------------+-------+-------++-------
  Melee: War axe           |    74 |    23 ||    97
         Headbutt          |     7 |     3 ||    10
  Throw: Boomerang         |     4 |     6 ||    10
    Use: Potion            |     1 |       ||     1
 Armour: Scale mail        |    40 |    10 ||    50
  Dodge: Dodged            |    45 |     5 ||    50
  Block: Buckler           |    12 |     6 ||    18

Table legend: (Time is in decaauts)
 A = Elapsed time spent in this place.
 B = Non-inter-level travel time spent in this place.
 C = Inter-level travel time spent in this place.
 D = Time resting spent in this place.
 E = Time spent auto-exploring this place.
 F = Levels seen in this place.
 G = Mean time per level.
                   A        B        C        D        E       F      G
               +--------+--------+--------+--------+--------+-----+--------+
         Total |   1926 |   1855 |     71 |      0 |   1459 |   3 |  642.0 |
       Dungeon |   1926 |   1855 |     71 |      0 |   1459 |   3 |  642.0 |
               +--------+--------+--------+--------+--------+-----+--------+

Top non-repeatable levels by time:
     D:2: 763 daAuts
     D:1: 691 daAuts
     D:3: 472 daAuts
